Map: 16 bits EC

Players

HoldTheDoor

  • Race: Protoss Protoss
  • League: Diamond
  • Spawn Location: 7:00

Nutcracker - Winner!

  • Race: Zerg Zerg
  • League: Diamond
  • Spawn Location: 1:00

VOD

Have the link to the VOD?

Description

Time

  • Played on: July 4, 2018, 10:53 a.m.
  • Length: 8:33
Show
View Real Time Build Order
Export as new Build Order

HoldTheDoor Protoss 

Build Orders: 1 Gate Expand, Oracle Opening, Phoenix Opening 

Get SALT Encoding   

  12  0:00  Probe  
  13  0:12  Probe  
  14  0:19  Pylon  
  14  0:25  Probe  
  15  0:38  Probe  
  15  0:40  Gateway  
  16  0:48  Assimilator  
  16  0:50  Probe  
  17  1:02  Probe  
  18  1:14  Probe  
  19  1:26  Probe  
  20  1:37  Nexus  
  20  1:42  Cybernetics Core  
  20  1:48  Assimilator  
  20  1:52  Probe  
  21  2:04  Probe  
  22  2:12  Pylon  
  22  2:14  Warp Gate  
  22  2:16  Probe  
  23  2:30  Adept  
  23  2:36  Stargate  
  25  2:39  Pylon  
  25  2:42  Probe  
  26  2:50  Pylon  
  26  2:54  Probe  
  26  2:55  Probe  
  28  3:00  Sentry  
  30  3:06  Probe  
  30  3:07  Probe  
  30  3:09  Oracle  
  32  3:13  Pylon  
  32  3:18  Probe  
  36  3:23  Probe  
  37  3:27  Adept  
  37  3:31  Probe  
  40  3:35  Probe  
  40  3:38  Assimilator  
  41  3:43  Probe  
  41  3:48  Phoenix  
  44  3:51  Probe  
  44  3:55  Probe  
  46  3:56  Assimilator  
  46  4:03  Probe  
  46  4:05  Gateway  
  46  4:07  Probe  
  48  4:16  Protoss Air Weapons Level 1  
  48  4:21  Phoenix  
  50  4:37  Probe x2  
  52  4:48  Pylon  
  52  4:49  Probe x2, Phoenix  
  56  5:01  Stalker  
  56  5:02  Stalker  
  56  5:03  Probe x2  
  62  5:12  Pylon  
  62  5:14  Phoenix  
  62  5:15  Probe x2  
  66  5:27  Probe x2  
  65  5:33  Phoenix  
  65  5:42  Stalker x2  
  71  5:43  Pylon  
  71  5:50  Protoss Air Armor Level 1  
  71  6:06  Phoenix  
  73  6:31  Phoenix  
  75  6:56  Void Ray  
  77  7:05  Fleet Beacon  
  77  7:10  Stalker x2  
  77  7:15  Forge  
  81  7:20  Forge  
  81  7:23  Pylon  
  81  7:32  Void Ray  
  81  7:35  Stalker x2  
  89  7:44  Nexus  
  89  7:46  Pylon  
  89  7:48  Pylon  
  89  7:51  Assimilator  
  89  7:53  Assimilator  
  89  8:12  Zealot x2  
Show
View Real Time Build Order
Export as new Build Order

Nutcracker Zerg - Winner!

Build Orders: Hatch First 

Get SALT Encoding   

  12  0:02  Drone  
  13  0:08  Drone  
  14  0:18  Overlord  
  14  0:23  Extractor  
  14  0:24  Drone  
  15  0:37  Drone x2  
  17  0:46  Drone  
  18  0:59  Hatchery  
  17  1:13  Spawning Pool  
  17  1:16  Drone  
  17  1:20  Drone  
  17  1:23  Drone  
  19  1:29  Drone  
  20  1:48  Hatchery  
  20  1:54  Drone x2  
  20  2:01  Overlord  
  21  2:11  Queen  
  21  2:14  Drone  
  24  2:18  Drone  
  25  2:24  Drone  
  25  2:27  Queen  
  25  2:29  Drone  
  29  2:34  Drone  
  29  2:36  Drone  
  31  2:50  Hatchery  
  31  2:51  Drone  
  31  2:54  Drone  
  31  2:56  Drone  
  33  2:59  Overlord  
  33  3:03  Drone  
  34  3:09  Queen  
  34  3:12  Drone  
  37  3:14  Drone  
  37  3:17  Overlord  
  38  3:20  Drone  
  38  3:24  Drone x4  
  43  3:29  Drone  
  43  3:32  Drone  
  45  3:37  Drone  
  45  3:39  Extractor  
  45  3:40  Extractor  
  45  3:41  Extractor  
  43  3:42  Extractor, Drone  
  43  3:43  Drone x3  
  43  3:46  Drone  
  47  3:49  Drone x2  
  47  3:54  Drone  
  47  3:55  Roach Warren  
  49  3:56  Drone  
  49  3:59  Drone  
  51  4:04  Overlord  
  51  4:07  Drone x4  
  51  4:09  Spore Crawler  
  54  4:12  Drone, Spore Crawler  
  51  4:23  Queen, Drone  
  51  4:24  Drone x3  
  54  4:29  Spore Crawler  
  54  4:33  Drone x3  
  54  4:34  Overlord  
  54  4:36  Drone  
  58  4:39  Extractor  
  58  4:41  Extractor  
  56  4:48  Drone x7  
  56  4:51  Overlord  
  63  4:55  Lair  
  63  5:00  Overlord x2  
  63  5:01  Drone  
  63  5:04  Spore Crawler  
  63  5:08  Roach, Zergling x4  
  63  5:13  Drone x4  
  71  5:16  Drone x2  
  73  5:24  Roach x2  
  73  5:25  Roach x3  
  83  5:32  Pneumatized Carapace  
  83  5:38  Drone  
  83  5:39  Overlord  
  84  5:43  Drone x4  
  88  5:50  Evolution Chamber  
  88  5:55  Overlord x3  
  87  5:58  Roach x2  
  87  5:59  Roach  
  93  6:05  Roach x2  
  93  6:06  Roach  
  93  6:08  Evolution Chamber  
  93  6:09  Roach x2  
  102  6:14  Roach  
  102  6:15  Roach x6  
  102  6:18  Glial Reconstitution  
  116  6:25  Nydus Network  
  113  6:32  Spore Crawler  
  112  6:37  Spore Crawler  
  111  6:40  Spore Crawler  
  111  6:41  Spore Crawler  
  111  6:46  Spore Crawler  
  106  6:48  Hydralisk Den  
  106  6:50  Spire, Drone x5  
  107  6:58  Roach x3  
  107  6:59  Roach  
  115  7:08  Roach x4  
  123  7:14  Overlord x3  
  123  7:26  Spore Crawler  
  122  7:32  Hydralisk  
  122  7:33  Hydralisk x5  
  134  7:38  Roach x2  
  134  7:39  Roach  
  140  7:51  Nydus Canal  
  140  7:54  Hydralisk x3  
  146  8:03  Hydralisk x3  
Tags
 
Add a new tag
Caveats
  • Supply blocks, unpowered buildings, or Contaminate may cause inaccurate times.
  • Supply counts are checked every 10 seconds.